 Dungeon Crawl Stone Soup version 0.23-a0-180-ga5275e7ff7 (console) character file.

28 Heliocid the Caller (level 2, 0/15 HPs)
             Began as a Deep Elf Summoner on Sept 18, 2018.
             Slain by a worm (5 damage)
             ... on level 2 of the Dungeon.
             The game lasted 00:08:38 (1931 turns).

Heliocid the Caller (Deep Elf Summoner)             Turns: 1931, Time: 00:08:38

Health: 0/15       AC:  3    Str:  5    XL:     2   Next: 96%
Magic:  8/8        EV: 13    Int: 19    God:
Gold:   82         SH:  0    Dex: 15    Spells: 4/7 levels left

rFire    . . .     SeeInvis .   p - +0 dagger
rCold    . . .     Gourm    .   (no shield)
rNeg     . . .     Faith    .   a - +0 robe
rPois    .         Spirit   .   (no helmet)
rElec    .         Reflect  .   (no cloak)
rCorr    .         Harm     .   l - +0 pair of gloves
MR       .....                  (no boots)
Stlth    ++........             (no amulet)
HPRegen  0.05/turn              (no ring)
MPRegen  0.11/turn              (no ring)

@: no status effects
A: no striking features
a: no special abilities


You were on level 2 of the Dungeon.
You were not hungry.

You visited 1 branch of the dungeon, and saw 2 of its levels.

You collected 82 gold pieces.

Inventory:

Hand Weapons
 k - a +0 whip
 p - a +0 dagger (weapon)
Missiles
 g - 57 stones (quivered)
Armour
 a - a +0 robe (worn)
 l - a +0 pair of gloves (worn)
Scrolls
 d - 2 scrolls of enchant armour {unknown}
 e - 4 scrolls of teleportation {unknown}
 f - 5 scrolls of identify {unknown}
 h - 3 scrolls of remove curse {unknown}
 i - a scroll of blinking {unknown}
 o - a scroll of enchant weapon {unknown}
Potions
 b - 2 potions of flight {unknown}
 m - a potion of heal wounds {unknown}
 n - 2 potions of might {unknown}
 q - a potion of curing {unknown}
Comestibles
 c - 3 rations
 j - 3 chunks of flesh


   Skills:
 + Level 0.2 Fighting
 + Level 2.7 Dodging
 + Level 2.5 Stealth
 + Level 3.2 Spellcasting
 + Level 5.1 Summonings


You had 4 spell levels left.
You knew the following spells:

 Your Spells              Type           Power        Failure   Level  Hunger
a - Summon Small Mammal   Summ           ###.         1%          1    None
b - Call Imp              Summ           ###.....     2%          2    ##.....

Your spell library contained the following spells:

 Spells                   Type           Power        Failure   Level  Hunger
 Call Canine Familiar     Summ           ###.....     5%          3    ###....
 Summon Guardian Golem    Hex/Summ       ##......     16%         3    ###....
 Summon Ice Beast         Ice/Summ       ##......     45%         4    ####...
 Summon Lightning Spire   Summ/Air       ##......     45%         4    ####...


Dungeon Overview and Level Annotations

Branches:
Dungeon (2/15)

Altars:


Message History

Attack!
Your crimson imp hits the worm.
Your crimson imp blinks!
Your crimson imp blinks!
The worm misses you.
You hit the worm but do no damage. You hit the worm.
The worm is lightly wounded.
The worm bites you.
You hit the worm but do no damage.
Your crimson imp barely misses the worm.
You barely miss the worm. The worm bites you.
Your crimson imp blinks!
You barely miss the worm. The worm closely misses you.
You hit the worm.
The worm is lightly wounded.
You hit the worm.
The worm is lightly wounded.
The worm bites you.
You die...

### # #.#### # #.##.# #
# #.##.###
#.############.##...#
.... ........##....
####.##.#########.......
.....5w@................
####.##.###########..#..
...# #####..... #.####
#...#..... # #.........
#...#....# #.).#..###
#...##.# #.รท.##.###


You could see a worm and a friendly crimson imp.

Vanquished Creatures
  A bat (D:2)
  2 goblins
  A jackal (D:2)
  A quokka (D:2)
  A frilled lizard (D:1)
  A rat (D:1)
7 creatures vanquished.

Vanquished Creatures (collateral kills)
  An ooze (D:1)
  2 dart slugs (D:2)
  A leopard gecko (D:1)
  2 bats
  2 goblins
  2 hobgoblins
  2 jackals (D:2)
  A kobold (D:1)
  2 frilled lizards
  6 rats
21 creatures vanquished.

Vanquished Creatures (others)
  4 toadstools (D:1)
4 creatures vanquished.

Grand Total: 32 creatures vanquished

Notes
Turn   | Place    | Note
-------+----------+-------------------------------------------
     0 | D:1      | Heliocid the Deep Elf Summoner began the quest for the Orb.
     0 | D:1      | Reached XP level 1. HP: 10/10 MP: 6/6
   537 | D:1      | Reached XP level 2. HP: 15/15 MP: 6/8
   548 | D:1      | Learned a level 2 spell: Call Imp
   889 | D:1      | Reached skill level 5 in Summonings
  1931 | D:2      | Slain by a worm

Vault maps used:
D:1:      ldierk_walled_garden_2, minmay_misc_feat_four_crosses
D:2:      lemuel_round_altar, st_stairs_5, uniq_robin

Skill      XL: |  1  2 |
---------------+-------+-----
Summonings     | 5 |  5.1
Fighting       | |  0.2
Dodging        | |  2.7
Stealth        | |  2.5
Spellcasting   | |  3.2

Action                   || total
-------------------------++-------
Melee: Unarmed           ||     3
       Dagger            ||    35
       Whip              ||     4
 Cast: Summon Small Mamm ||    11
       Call Imp          ||    10
  Eat: Chunk             ||     3
Armor: Robe              ||     6
Dodge: Dodged            ||    41

Table legend:
 A = Non-vault XP
 B = Vault XP
 C = Vault XP percentage of total XP
 D = Non-vault monster count
 E = Vault monster count
 F = Vault count percentage of total count
                 A         B        C        D         E       F
            +---------+---------+-------+---------+---------+-------
      Total |      38 |       2 |   5.0 |      27 |       1 |   3.6
            +---------+---------+-------+---------+---------+-------
        D:1 |      19 |       0 |   0.0 |      14 |       0 |   0.0
        D:2 |      19 |       2 |   9.5 |      13 |       1 |   7.1
            +---------+---------+-------+---------+---------+-------
